[Event "Titled Tuesday Blitz June 13 Late 2023"]
[White "Rosen, Eric"]
[Black "Van Foreest, Jorden"]
[WhiteFideId "2032562"]
[BlackFideId "1039784"]
[WhiteElo "2331"]
[BlackElo "2633"]
[Result "0-1"]
[Round "5"]
[TimeControl "180+2"]
[Date "2023.06.13"]
[WhiteClock "0:00:11"]
[BlackClock "0:00:36"]
[Board "21"]

1. d4 d5 2. Bf4 h5 3. Nf3 f6 4. Qd3 Kf7 5. Nh4 f5 6. Qg3 Nf6 7. Ng6 Rh7 8. Bxc7 h4 9. Ne5+ Kg8 10. Qg6 Qe8 11. e3 Nc6 12. Qxe8 Nxe8 13. Nxc6 Nxc7 14. Ne5 Rh6 15. c4 Rb6 16. b3 a5 17. Nc3 dxc4 18. Bxc4+ e6 19. g3 h3 20. Ke2 Ba3 21. Rad1 Kf8 22. f3 Ne8 23. g4 Nd6 24. Bd3 Ne8 25. Rhg1 Bb4 26. Rc1 Nf6 27. g5 Ne8 28. Rg3 Ke7 29. Rxh3 Bd7 30. Na4 Bxa4 31. bxa4 Bd6 32. Nc4 Rc8 33. Nxb6 Rxc1 34. Kd2 Ra1 35. Nc8+ Kd7 36. Nxd6 Kxd6 37. Bc4 Rg1 38. Rh8 Ke7 39. h4 Rg3 40. f4 Rg2+ 41. Kd3 Nd6 42. d5 Ne4 43. Kd4 Rd2+ 44. Ke5 Nd6 45. dxe6 Nxc4+ 46. Kxf5 Nxe3+ 47. Kg6 Rf2 48. Kxg7 Rxf4 49. Rb8 Nf5+ 50. Kh7 Rxh4+ 51. Kg6 Kxe6 52. Re8+ Ne7+ 53. Kg7 Rxa4 54. g6 Rg4 55. Kh7 Rxg6 56. Rxe7+ Kxe7 57. Kxg6 Ke6 58. Kg5 Ke5 59. Kg4 Ke4 60. Kg3 Ke3 61. Kg4 Kd2 62. Kf4 Kc3 63. Ke4 Kb2 64. a4 Kb3 65. Kd3 Kxa4 66. Kc2 Kb4 67. Kb1 Kb3 68. Ka1 Kc2 69. Ka2 b5 70. Ka1 b4 71. Ka2 b3+ 72. Ka1 b2+ 73. Ka2 b1=Q+ 74. Ka3 Qb4+ 75. Ka2 Qa4# 0-1


[Site "https://www.chess.com"]

[Event "Titled Tuesday Blitz June 13 Late 2023"]
[White "Zhigalko, Sergei"]
[Black "Martins, Bruno Andre Leite"]
[WhiteFideId "13502956"]
[BlackFideId "1942255"]
[WhiteElo "2626"]
[BlackElo "2241"]
[Result "1/2-1/2"]
[Round "5"]
[TimeControl "180+2"]
[Date "2023.06.13"]
[WhiteClock "0:00:04"]
[BlackClock "0:00:06"]
[Board "22"]

1. e4 e6 2. d4 d5 3. e5 c5 4. c3 Nc6 5. Nf3 Bd7 6. Be2 Qb6 7. O-O Nh6 8. dxc5 Bxc5 9. b4 Be7 10. Bd3 Nf5 11. Qe2 h5 12. Re1 Qc7 13. Bf4 Qd8 14. Bxf5 exf5 15. Qe3 Be6 16. a3 Qb6 17. Qd3 Qd8 18. Qe3 Qb6 19. Qd2 a5 20. Ra2 axb4 21. axb4 O-O 22. Rxa8 Rxa8 23. Be3 Qa6 24. h4 Qa2 25. Qd3 Qc4 26. Qxc4 dxc4 27. Nbd2 b5 28. Bg5 Kf8 29. Bxe7+ Kxe7 30. Ng5 Ra3 31. Nb1 Ra1 32. Nh3 Nxb4 33. cxb4 c3 34. Rc1 c2 35. Rxc2 Rxb1+ 36. Kh2 Rxb4 37. g3 Rc4 38. Rb2 b4 39. Nf4 Re4 40. Nxh5 b3 41. Nxg7 f4 42. Nxe6 Kxe6 43. Rxb3 fxg3+ 44. fxg3 Rxe5 45. Rf3 Re2+ 46. Kh3 f5 47. Rf4 Ke5 48. Rf1 Rd2 49. Rf3 Re2 50. Ra3 Re1 51. Kg2 Kf6 52. Kf2 Rb1 53. Rf3 Rb2+ 54. Kg1 Rb1+ 55. Rf1 Rb2 56. g4 Rb5 57. Kg2 Kg6 58. g5 Rb4 59. Kg3 Rb3+ 60. Rf3 Rb4 61. Rf4 Rb3+ 62. Rf3 Rb4 63. Rc3 Kh5 64. Rc8 Rg4+ 65. Kf3 Kxh4 66. Rh8+ Kxg5 67. Rg8+ Kf6 68. Rxg4 fxg4+ 69. Kxg4 1/2-1/2


[Site "https://www.chess.com"]

[Event "Titled Tuesday Blitz June 13 Late 2023"]
[White "Zochowski, Kacper"]
[Black "Babazada, Khazar"]
[WhiteFideId "1125494"]
[BlackFideId "13413554"]
[WhiteElo "2235"]
[BlackElo "2369"]
[Result "0-1"]
[Round "5"]
[TimeControl "180+2"]
[Date "2023.06.13"]
[WhiteClock "0:01:33"]
[BlackClock "0:02:18"]
[Board "23"]

1. Nf3 c5 2. c4 Nf6 3. b3 Nc6 4. Bb2 e6 5. g3 Be7 6. Bg2 O-O 7. O-O a6 8. Nc3 d6 9. d4 cxd4 10. Nxd4 Bd7 11. Rc1 Qb8 12. Qd2 Nxd4 13. Qxd4 Bc6 14. Bxc6 bxc6 15. Ba3 Rd8 16. Ne4 Nxe4 17. Qxe4 d5 18. cxd5 Bxa3 19. Rxc6 Rxd5 20. Rxe6 Rd2 21. Rb6 Qxb6 22. Qxa8+ Rd8 23. Qe4 g6 24. e3 Rd2 25. Qe8+ Kg7 26. Qe5+ Qf6 27. Qa5 Rxa2 28. Qxa6 Qxa6 0-1


[Site "https://www.chess.com"]

[Event "Titled Tuesday Blitz June 13 Late 2023"]
[White "Bellahcene, Bilel"]
[Black "Fressinet, Laurent"]
[WhiteFideId "696358"]
[BlackFideId "608742"]
[WhiteElo "2552"]
[BlackElo "2633"]
[Result "0-1"]
[Round "5"]
[TimeControl "180+2"]
[Date "2023.06.13"]
[WhiteClock "0:00:06"]
[BlackClock "0:01:45"]
[Board "24"]

1. e4 e5 2. Nf3 Nc6 3. Bb5 a6 4. Ba4 Nf6 5. O-O Bc5 6. c3 O-O 7. d4 Ba7 8. Re1 d6 9. h3 h6 10. a3 Re8 11. Bc2 d5 12. Nxe5 Nxe5 13. dxe5 Nxe4 14. Be3 Bxe3 15. Rxe3 Bf5 16. f3 Qg5 17. Qe1 Bxh3 18. g4 Bxg4 0-1


[Site "https://www.chess.com"]

[Event "Titled Tuesday Blitz June 13 Late 2023"]
[White "Tari, Aryan"]
[Black "Kucuksari, Kaan"]
[WhiteFideId "1510045"]
[BlackFideId "6380166"]
[WhiteElo "2586"]
[BlackElo "2364"]
[Result "1-0"]
[Round "5"]
[TimeControl "180+2"]
[Date "2023.06.13"]
[WhiteClock "0:00:34"]
[BlackClock "0:00:00"]
[Board "25"]

1. e4 c5 2. Nf3 d6 3. d4 cxd4 4. Nxd4 Nf6 5. Nc3 Nc6 6. h3 g6 7. Bc4 Bg7 8. Nxc6 bxc6 9. e5 dxe5 10. Qxd8+ Kxd8 11. Be3 Kc7 12. O-O-O e6 13. Bc5 Nd5 14. Ne4 f5 15. Ng5 Bh6 16. h4 a5 17. Kb1 Bg7 18. Nf7 e4 19. Nxh8 Bxh8 20. Bd4 Bxd4 21. Rxd4 Kd6 22. Rhd1 Ke5 23. Bb3 c5 24. Bxd5 cxd4 25. Bxa8 Ba6 26. Kc1 e3 27. fxe3 dxe3 28. Bf3 Kf4 29. Rd6 Bc4 30. Rd4+ 1-0


[Site "https://www.chess.com"]

[Event "Titled Tuesday Blitz June 13 Late 2023"]
[White "Katz, Alexander"]
[Black "Elsa167"]
[WhiteFideId "2039796"]
[WhiteElo "2389"]
[BlackElo "2886"]
[Result "1-0"]
[Round "5"]
[TimeControl "180+2"]
[Date "2023.06.13"]
[WhiteClock "0:00:15"]
[BlackClock "0:00:07"]
[Board "26"]

1. e4 e6 2. d4 d5 3. Nc3 Bb4 4. exd5 exd5 5. Bd3 Nc6 6. Ne2 Nge7 7. Bf4 Bf5 8. Bxf5 Nxf5 9. Qd3 Qd7 10. O-O-O O-O-O 11. Nb5 Bd6 12. Nxd6+ Nxd6 13. Nc3 Qf5 14. Qg3 Rhg8 15. Rhe1 g5 16. Be5 f6 17. Bxd6 Rxd6 18. Rd3 Nb4 19. Rd2 Re6 20. Rxe6 Qxe6 21. Re2 Nxa2+ 22. Kd2 Qa6 23. Re7 Qa5 24. Qg4+ Kb8 25. Qe6 Rd8 26. Re8 c6 27. Qd6+ Qc7 28. Rxd8# 1-0


[Site "https://www.chess.com"]

[Event "Titled Tuesday Blitz June 13 Late 2023"]
[White "Arabidze, Meri"]
[Black "Zakhartsov, Vladimir"]
[WhiteFideId "13604040"]
[BlackFideId "4145097"]
[WhiteElo "2405"]
[BlackElo "2508"]
[Result "0-1"]
[Round "5"]
[TimeControl "180+2"]
[Date "2023.06.13"]
[WhiteClock "0:00:00"]
[BlackClock "0:00:13"]
[Board "27"]

1. d4 Nf6 2. c4 e6 3. Nf3 d5 4. Nc3 Bb4 5. Bg5 h6 6. Bxf6 Qxf6 7. Qa4+ Nc6 8. e3 O-O 9. Be2 dxc4 10. O-O a6 11. Bxc4 Qe7 12. Qc2 Bd6 13. Rad1 b5 14. Bd3 Bb7 15. a3 b4 16. Na4 bxa3 17. bxa3 Bxa3 18. Bh7+ Kh8 19. Be4 Nb4 20. Qb1 Bxe4 21. Qxe4 Nd5 22. Ne5 Qb4 23. Qc2 Qe7 24. g3 Bd6 25. Nc4 Rfb8 26. Na5 Rb5 27. Nc6 Nb4 28. Qe4 Nxc6 29. Qxc6 Qe8 30. Rc1 Qxc6 31. Rxc6 a5 32. Ra1 f5 33. Nc5 Bxc5 34. dxc5 Ra7 35. Ra4 Kg8 36. Rxe6 Rxc5 37. Rd4 c6 38. Rdd6 a4 39. Rxc6 Rxc6 40. Rxc6 a3 41. Rc1 a2 42. Ra1 Kf7 43. Kf1 Ke6 44. Ke2 Kd5 45. Kd3 Ra3+ 46. Kc2 Ke4 47. Kb2 Ra8 48. h3 Kf3 49. g4 g6 50. Rxa2 Rxa2+ 51. Kxa2 Kxf2 52. h4 h5 0-1


[Site "https://www.chess.com"]

[Event "Titled Tuesday Blitz June 13 Late 2023"]
[White "Mekhitarian, Krikor Sevag"]
[Black "Goryachkina, Aleksandra"]
[WhiteFideId "2107660"]
[BlackFideId "4147103"]
[WhiteElo "2604"]
[BlackElo "2471"]
[Result "0-1"]
[Round "5"]
[TimeControl "180+2"]
[Date "2023.06.13"]
[WhiteClock "0:00:00"]
[BlackClock "0:00:02"]
[Board "28"]

1. Nf3 d5 2. c4 e6 3. d4 Nf6 4. cxd5 exd5 5. Nc3 c6 6. Bf4 Bd6 7. Bxd6 Qxd6 8. e3 Bf5 9. Nh4 Bg6 10. Qb3 Qc7 11. Rc1 Qb6 12. Qa3 Nbd7 13. Nxg6 hxg6 14. Bd3 Qd8 15. O-O Qe7 16. Qxe7+ Kxe7 17. b4 Rac8 18. a4 Rhe8 19. f3 Nf8 20. Kf2 Ne6 21. Ne2 Kf8 22. Rc2 Re7 23. Rfc1 Rec7 24. h4 Ne8 25. g4 Nd6 26. Kg3 Ke7 27. Rh1 Ra8 28. Rhc1 Kd7 29. Nc3 a5 30. b5 Rcc8 31. f4 Re8 32. Kf3 Re7 33. Rb1 Rae8 34. Re2 Nc7 35. bxc6+ bxc6 36. Rc1 f5 37. gxf5 gxf5 38. Rg1 Rb8 39. Reg2 Rb3 40. Rc2 Rb8 41. Rg3 Rb3 42. Kf2 Ra3 43. h5 Rb3 44. Rg5 Ke6 45. Kf3 Rf7 46. Rg6+ Ke7 47. Rgg2 Ne6 0-1


[Site "https://www.chess.com"]

[Event "Titled Tuesday Blitz June 13 Late 2023"]
[White "Hansen, Eric"]
[Black "Annaberdiyev, Meylis"]
[WhiteFideId "2606771"]
[BlackFideId "14000563"]
[WhiteElo "2561"]
[BlackElo "2416"]
[Result "1-0"]
[Round "5"]
[TimeControl "180+2"]
[Date "2023.06.13"]
[WhiteClock "0:00:02"]
[BlackClock "0:00:00"]
[Board "29"]

1. d4 Nf6 2. c4 g6 3. Nc3 Bg7 4. f3 d6 5. e4 O-O 6. Be3 Nbd7 7. Nge2 c5 8. d5 Ne5 9. Ng3 e6 10. Be2 a6 11. a4 h5 12. O-O h4 13. Nh1 h3 14. g3 exd5 15. cxd5 Rb8 16. Nf2 b5 17. axb5 axb5 18. Bxb5 Bd7 19. Bxd7 Qxd7 20. Qe2 Rb4 21. Ra2 Rfb8 22. Rd1 Nh5 23. Bc1 f5 24. exf5 Qxf5 25. g4 Qxf3 26. Qxf3 Nxf3+ 27. Kh1 Nf4 28. Bxf4 Rxf4 29. Nxh3 Rxg4 30. Nf2 Rd4 31. Rxd4 cxd4 32. Nce4 Rc8 33. b4 Nh4 34. Nd3 Nf5 35. b5 Re8 36. b6 Rb8 37. Rb2 Ne7 38. Rb5 Rb7 39. Nxd6 Rb8 40. b7 Bf8 41. Nc4 Nxd5 42. Rxd5 Rxb7 43. Rxd4 Rb1+ 44. Kg2 Rd1 45. h3 Bg7 46. Rd8+ Kh7 47. Ne3 Rd2+ 48. Kf3 Rh2 49. Kg3 Rd2 50. Ng4 Rd1 51. Rd7 Kh8 52. Kf3 Rf1+ 53. Ke4 Rh1 54. Nf4 g5 55. Ng6+ Kh7 56. Kf5 Rf1+ 57. Kxg5 Rf5+ 58. Kxf5 Kg8 59. Rd8+ 1-0


[Site "https://www.chess.com"]

[Event "Titled Tuesday Blitz June 13 Late 2023"]
[White "Adewumi, Tanitoluwa"]
[Black "Jumabayev, Rinat"]
[WhiteFideId "30966396"]
[BlackFideId "13702661"]
[WhiteElo "2635"]
[BlackElo "2561"]
[Result "0-1"]
[Round "5"]
[TimeControl "180+2"]
[Date "2023.06.13"]
[WhiteClock "0:00:01"]
[BlackClock "0:01:54"]
[Board "30"]

1. e4 d6 2. d4 g6 3. f4 Bg7 4. Nf3 c5 5. dxc5 Qa5+ 6. Bd2 Qxc5 7. Bc3 Nf6 8. Bd3 Nc6 9. Qe2 O-O 10. Nbd2 Nh5 11. g3 Bxc3 12. bxc3 Bg4 13. Qf2 Qxc3 14. O-O Nb4 15. Qd4 Rac8 16. Qxa7 Nxd3 17. cxd3 Qxd3 18. Rf2 Rc2 19. Qxb7 Bxf3 20. Nxf3 Qe3 21. Rf1 Nf6 22. Qb3 Rc3 23. Qb4 Nxe4 24. Kg2 Nxf2 25. Rxf2 Rfc8 26. a4 Rc2 27. Qe1 0-1


[Site "https://www.chess.com"]

[Event "Titled Tuesday Blitz June 13 Late 2023"]
[White "Maksimovic, Bojan"]
[Black "Fiorito, Joaquin"]
[WhiteFideId "14408120"]
[BlackFideId "180173"]
[WhiteElo "2457"]
[BlackElo "2199"]
[Result "1-0"]
[Round "5"]
[TimeControl "180+2"]
[Date "2023.06.13"]
[WhiteClock "0:00:37"]
[BlackClock "0:00:06"]
[Board "31"]

1. e4 c5 2. Nf3 d6 3. d4 cxd4 4. Nxd4 Nf6 5. Nc3 a6 6. Bg5 Nbd7 7. Qe2 h6 8. Bh4 g6 9. f4 e5 10. fxe5 dxe5 11. O-O-O Bg7 12. Nb3 Qc7 13. Nd5 Nxd5 14. exd5 Qd6 15. Nd2 f5 16. g4 O-O 17. Nc4 Qc5 18. gxf5 gxf5 19. Bf2 Qe7 20. Rg1 b5 21. Na5 Qf6 22. d6 Kh8 23. Kb1 Qe6 24. Nc6 Bb7 25. Ne7 Rf7 26. Bh3 Raf8 27. Qh5 Rxe7 28. dxe7 Qxe7 29. Bxf5 Nf6 30. Qg6 Bc6 31. Bh4 Be8 32. Bxf6 Bxg6 33. Bxe7 Rxf5 34. Rxg6 1-0


[Site "https://www.chess.com"]

[Event "Titled Tuesday Blitz June 13 Late 2023"]
[White "Seemann, Jakub"]
[Black "Talibov, Shiroghlan"]
[WhiteFideId "21874697"]
[BlackFideId "13429078"]
[WhiteElo "2364"]
[BlackElo "2274"]
[Result "1-0"]
[Round "5"]
[TimeControl "180+2"]
[Date "2023.06.13"]
[WhiteClock "0:01:59"]
[BlackClock "0:01:58"]
[Board "32"]

1. e4 c5 2. Nf3 d6 3. d4 cxd4 4. Nxd4 Nf6 5. Nc3 a6 6. Bg5 Nbd7 7. f4 e6 8. Qf3 Be7 9. O-O-O Qc7 10. g4 b5 11. Bxf6 gxf6 12. Kb1 Bb7 13. f5 e5 14. Nb3 Nb6 15. Be2 b4 16. Nd5 Bxd5 17. exd5 a5 18. Bb5+ Kd8 19. Bc6 Ra7 20. Nd2 Na4 21. Bxa4 1-0


[Site "https://www.chess.com"]

[Event "Titled Tuesday Blitz June 13 Late 2023"]
[White "Sydoryka, Vladyslav"]
[Black "Remizov, Yaroslav"]
[WhiteFideId "14145928"]
[BlackFideId "34134015"]
[WhiteElo "2269"]
[BlackElo "2405"]
[Result "1/2-1/2"]
[Round "5"]
[TimeControl "180+2"]
[Date "2023.06.13"]
[WhiteClock "0:00:10"]
[BlackClock "0:00:16"]
[Board "33"]

1. c4 e5 2. g3 c6 3. Nf3 e4 4. Nd4 Qb6 5. Nc2 Bc5 6. e3 Nf6 7. Nc3 O-O 8. Na4 Qa5 9. Nxc5 Qxc5 10. d3 exd3 11. Qxd3 d5 12. cxd5 Nxd5 13. Bg2 Na6 14. O-O Nab4 15. Nxb4 Nxb4 16. Qa3 Qb5 17. Qc3 Be6 18. Bd2 Nxa2 19. Qa3 Rfd8 20. Rfd1 Bb3 21. Bf1 Qd5 22. Re1 a5 23. e4 Qe6 24. Bg5 f6 25. Bf4 b5 26. Qc5 Nb4 27. Bc7 Nc2 28. Bxd8 Nxe1 29. Rxe1 Rxd8 30. Qb6 Ra8 31. Bg2 a4 32. e5 fxe5 33. Qb7 Rf8 34. Bxc6 Qf6 35. Rf1 Bc4 36. Bd5+ Kh8 37. Bxc4 bxc4 38. Qb5 e4 39. Qxc4 Qxb2 40. Qxa4 Qe5 41. Qb4 Re8 42. Re1 Qf5 43. Qc3 Rf8 44. Qe3 h6 45. h4 Qf6 46. Re2 Re8 47. Qd2 Qf5 48. Qe3 Rf8 49. Qxe4 Qc5 50. Kg2 Qd6 51. Qe5 Qc6+ 52. Kh2 Qf3 53. Qe3 Qf5 54. Kg2 Qd5+ 55. Kh2 Qf7 56. Rd2 Qf5 57. Rb2 Qf6 58. Rd2 Qf5 59. Qe1 Qf3 60. Qe2 Qf5 61. Kg2 Qf6 62. Rd3 Qc6+ 63. Kh2 Qb6 64. Re3 Qf6 65. Kg2 Qc6+ 66. Kg1 Qc1+ 67. Qe1 Qc6 68. Re7 Qf6 69. Qe3 Qa1+ 70. Kg2 Qa8+ 71. Kh2 Qa2 72. Kg2 Qd5+ 73. Qe4 Qc5 74. Qe2 Rxf2+ 75. Qxf2 Qxe7 76. Qf3 Kh7 77. Qd3+ Kg8 78. Kh2 Qe6 79. Qd8+ Kf7 80. Qd3 Kf6 81. Qf3+ Qf5 82. Qc6+ Kf7 83. Qc7+ Kg6 84. Qd6+ Kh5 85. Qd1+ Kg6 86. Qd6+ Kh7 87. Qd2 Qe4 88. Qf2 Kg6 89. Qd2 Kh5 90. Qd1+ Kg6 91. Qd2 Kf5 92. Qf2+ Kg4 93. Qd2 g5 94. Qd7+ Kf3 95. Qd1+ Qe2+ 96. Qxe2+ Kxe2 97. hxg5 hxg5 98. g4 Kf2 99. Kh3 Kf3 100. Kh2 Kxg4 101. Kg2 Kf4 102. Kf2 Kg4 103. Kg2 Kh4 104. Kh2 g4 105. Kg2 Kh5 106. Kg3 Kg5 107. Kg2 Kf4 108. Kf2 g3+ 109. Kg2 Kg4 110. Kg1 Kg5 111. Kg2 Kh4 112. Kg1 Kh3 113. Kh1 Kg4 114. Kg2 Kf4 115. Kg1 Kf3 116. Kf1 g2+ 117. Kg1 Kg3 1/2-1/2


[Site "https://www.chess.com"]

[Event "Titled Tuesday Blitz June 13 Late 2023"]
[White "Kravtsiv, Martyn"]
[Black "Moral Garcia, Serafin"]
[WhiteFideId "14113147"]
[BlackFideId "2201925"]
[WhiteElo "2695"]
[BlackElo "2274"]
[Result "1-0"]
[Round "5"]
[TimeControl "180+2"]
[Date "2023.06.13"]
[WhiteClock "0:00:42"]
[BlackClock "0:00:24"]
[Board "34"]

1. e4 e5 2. Nf3 Nf6 3. Nc3 Nc6 4. a4 g6 5. Bc4 Bg7 6. d3 d6 7. h3 O-O 8. Be3 Be6 9. Bxe6 fxe6 10. Ne2 d5 11. Ng3 Qe7 12. c3 Rad8 13. Qc2 d4 14. Bg5 Qc5 15. Qb3 Kh8 16. c4 b6 17. O-O Rd7 18. Rfc1 Rdf7 19. Bxf6 Rxf6 20. Qb5 Nb4 21. Ra3 a6 22. Qxc5 bxc5 23. Kf1 Bh6 24. Rd1 Bf4 25. Nh1 h5 26. Ke2 Bh6 27. Nxe5 Rd8 28. Rb3 Kg7 29. g3 h4 30. gxh4 Kh7 31. Rg1 Rdf8 32. Nd7 1-0


[Site "https://www.chess.com"]

[Event "Titled Tuesday Blitz June 13 Late 2023"]
[White "ATM622"]
[Black "Rodrigue-Lemieux, Shawn"]
[BlackFideId "2620049"]
[WhiteElo "2606"]
[BlackElo "2405"]
[Result "0-1"]
[Round "5"]
[TimeControl "180+2"]
[Date "2023.06.13"]
[WhiteClock "0:00:41"]
[BlackClock "0:00:07"]
[Board "35"]

1. d4 Nf6 2. c4 a6 3. g3 b5 4. Bg2 Ra7 5. b3 Bb7 6. Nf3 g6 7. O-O Bg7 8. Bb2 O-O 9. d5 d6 10. Nd4 Qd7 11. Nc3 bxc4 12. bxc4 c6 13. e4 Rc8 14. Rc1 cxd5 15. cxd5 Ba8 16. Na4 Rxc1 17. Bxc1 Qc7 18. f4 Nbd7 19. Be3 h5 20. Qc1 Ng4 21. Nc6 Nxe3 22. Qxe3 Bxc6 23. dxc6 Nb8 24. Rc1 a5 25. Kh1 Ra6 26. Nb6 e6 27. a4 Nxc6 28. e5 d5 29. Nxd5 exd5 30. Bxd5 Qd7 31. Bc4 Ra8 32. e6 Qd4 33. exf7+ Kh7 34. Qe6 Nb4 35. f5 Qf6 36. fxg6+ Qxg6 37. Qe2 Rf8 38. Rf1 Qc6+ 39. Qf3 Qxf3+ 40. Rxf3 Kg6 41. Kg2 Bf6 42. h4 Nc6 43. Kh3 Ne5 44. Rc3 Nxc4 45. Rxc4 Rxf7 46. g4 Rb7 47. gxh5+ Kf5 48. Rc5+ Be5 49. Rxa5 Rb2 50. Rxe5+ Kxe5 51. Kg4 Kf6 52. h6 Kg6 53. a5 Kxh6 54. a6 Ra2 55. a7 Rxa7 0-1


[Site "https://www.chess.com"]

[Event "Titled Tuesday Blitz June 13 Late 2023"]
[White "Schnaider, Ilan"]
[Black "Lashkin, Jegor"]
[WhiteFideId "169013"]
[BlackFideId "13907808"]
[WhiteElo "2224"]
[BlackElo "2368"]
[Result "1-0"]
[Round "5"]
[TimeControl "180+2"]
[Date "2023.06.13"]
[WhiteClock "0:00:03"]
[BlackClock "0:00:00"]
[Board "36"]

1. e4 c5 2. Nf3 d6 3. Bb5+ Bd7 4. Bxd7+ Qxd7 5. c4 e5 6. O-O Nc6 7. Nc3 Be7 8. a3 Bd8 9. b4 Nge7 10. d3 O-O 11. Be3 cxb4 12. axb4 Nxb4 13. d4 exd4 14. Nxd4 a6 15. Ndb5 Bc7 16. Nxc7 Qxc7 17. Na4 Qc6 18. Nb6 Rae8 19. Qb3 a5 20. Rxa5 Na6 21. Nd5 Ng6 22. Rb5 Rxe4 23. Rxb7 Rxc4 24. Rd1 Re4 25. Rb6 Qc8 26. Rxd6 Nb8 27. Qd3 Re6 28. Nb6 Qe8 29. Rd5 h6 30. Nc4 Nc6 31. Qd2 Qe7 32. h3 Qf6 33. Nd6 1-0


[Site "https://www.chess.com"]

[Event "Titled Tuesday Blitz June 13 Late 2023"]
[White "Koellner, Ruben Gideon"]
[Black "Goltsev, Dmitry"]
[WhiteFideId "12993093"]
[BlackFideId "24176710"]
[WhiteElo "2314"]
[BlackElo "2356"]
[Result "1-0"]
[Round "5"]
[TimeControl "180+2"]
[Date "2023.06.13"]
[WhiteClock "0:00:21"]
[BlackClock "0:00:26"]
[Board "37"]

1. d4 Nf6 2. Nf3 e6 3. Nbd2 b6 4. e4 d5 5. e5 Ne4 6. c3 Bb7 7. Bd3 c5 8. O-O Nxd2 9. Bxd2 a6 10. Qe2 Be7 11. Ne1 Nc6 12. Be3 g6 13. f4 h5 14. Nf3 c4 15. Bc2 b5 16. a3 a5 17. g3 b4 18. axb4 axb4 19. h3 b3 20. Rxa8 Qxa8 21. Bb1 Kd7 22. g4 hxg4 23. hxg4 Qg8 24. Qg2 Na7 25. f5 gxf5 26. gxf5 Qxg2+ 27. Kxg2 Nc8 28. f6 Bf8 29. Ng5 Ke8 30. Bg6 fxg6 31. Nxe6 Nb6 32. f7+ Ke7 33. Nxf8 Kxf8 34. e6 Bc8 35. Bf4 Bxe6 36. Bd6+ Kg7 37. Be5+ Kh7 38. Rh1+ Bh3+ 39. Rxh3# 1-0


[Site "https://www.chess.com"]

[Event "Titled Tuesday Blitz June 13 Late 2023"]
[White "Najer, Evgeniy"]
[Black "TimGrutter03"]
[WhiteFideId "4118987"]
[WhiteElo "2545"]
[BlackElo "2577"]
[Result "1-0"]
[Round "5"]
[TimeControl "180+2"]
[Date "2023.06.13"]
[WhiteClock "0:00:09"]
[BlackClock "0:00:01"]
[Board "38"]

1. d4 Nf6 2. c4 e6 3. Nf3 Bb4+ 4. Bd2 Qe7 5. g3 O-O 6. Nc3 b6 7. Bg2 Bb7 8. O-O d6 9. d5 e5 10. Nh4 Bc8 11. e4 a5 12. Qc2 Na6 13. Nb5 Bxd2 14. Qxd2 Nc5 15. Rae1 g6 16. Kh1 Ne8 17. Nc3 Ng7 18. f4 exf4 19. Rxf4 g5 20. Nf5 Bxf5 21. exf5 Qf6 22. Rff1 Rfe8 23. Rxe8+ Rxe8 24. Nb5 Re7 25. Nd4 h6 26. b3 Ne8 27. Nc6 Ne4 28. Qd3 Nc5 29. Nxe7+ Qxe7 30. Qd2 Nf6 31. Re1 Qf8 32. Qd4 Ncd7 33. h3 Ne5 34. Kh2 Nfd7 35. Qe3 f6 36. Bf3 Qe7 37. Bh5 Kg7 38. Kg2 Nc5 39. Qe2 Qd7 40. Bg6 Ncd3 41. Rf1 Nc5 42. h4 Qe7 43. hxg5 hxg5 44. Rh1 Qd8 45. Rh7+ Kg8 46. Qh5 Nxg6 47. Qxg6+ 1-0


[Site "https://www.chess.com"]

[Event "Titled Tuesday Blitz June 13 Late 2023"]
[White "Sreyas Payyappat"]
[Black "Hambleton, Aman"]
[WhiteFideId "46674969"]
[BlackFideId "2606577"]
[WhiteElo "2043"]
[BlackElo "2511"]
[Result "0-1"]
[Round "5"]
[TimeControl "180+2"]
[Date "2023.06.13"]
[WhiteClock "0:00:21"]
[BlackClock "0:00:05"]
[Board "39"]

1. e4 c5 2. Nf3 e6 3. d4 cxd4 4. Nxd4 Nc6 5. Nc3 Qc7 6. Be3 a6 7. Be2 b5 8. O-O Bb7 9. f4 Bc5 10. Bf3 Nge7 11. Kh1 Qb6 12. Nce2 d5 13. exd5 Nxd4 14. b4 Nxf3 15. bxc5 Qd8 16. c6 Bxc6 17. dxc6 Qxd1 18. Raxd1 Nh4 19. c7 Rc8 20. Bb6 Nd5 21. Rxd5 exd5 22. Rd1 Kd7 23. Ba5 Rhe8 24. Rxd5+ Kc6 25. Rd2 Nf5 26. g4 Ne3 27. Rd8 Nc4 28. Nd4+ Kb7 29. Nf5 g6 30. Ng7 Re1+ 31. Kg2 Nxa5 32. Ne8 Rxe8 33. Rd6 Rxc7 34. f5 Rxc2+ 35. Kg3 g5 36. f6 Re3# 0-1


[Site "https://www.chess.com"]

[Event "Titled Tuesday Blitz June 13 Late 2023"]
[White "Mika, Tomasz"]
[Black "Rustemov, Alexander"]
[WhiteFideId "1132970"]
[BlackFideId "4119002"]
[WhiteElo "2186"]
[BlackElo "2805"]
[Result "1-0"]
[Round "5"]
[TimeControl "180+2"]
[Date "2023.06.13"]
[WhiteClock "0:01:04"]
[BlackClock "0:00:08"]
[Board "40"]

1. d4 g6 2. Bf4 Bg7 3. Nc3 d5 4. e3 Nf6 5. h4 h5 6. Nf3 Bg4 7. Be2 c5 8. Ne5 Bxe2 9. Qxe2 cxd4 10. exd4 Nc6 11. O-O-O O-O 12. f3 Rc8 13. Kb1 e6 14. g4 Na5 15. Bg5 hxg4 16. h5 Qb6 17. h6 Rxc3 18. hxg7 Rfc8 19. Bxf6 1-0


[Site "https://www.chess.com"]

[Event "Titled Tuesday Blitz June 13 Late 2023"]
[White "Lobanov, Sergei"]
[Black "Hnydiuk, Aleksander"]
[WhiteFideId "24183750"]
[BlackFideId "1109057"]
[WhiteElo "2501"]
[BlackElo "2374"]
[Result "1-0"]
[Round "5"]
[TimeControl "180+2"]
[Date "2023.06.13"]
[WhiteClock "0:00:18"]
[BlackClock "0:00:00"]
[Board "41"]

1. d4 Nf6 2. c4 c5 3. d5 b5 4. cxb5 a6 5. e3 axb5 6. Bxb5 Bb7 7. Nc3 Qa5 8. Bc4 e6 9. e4 Nxe4 10. Ne2 Nd6 11. b3 Nxc4 12. bxc4 exd5 13. Rb1 Ba6 14. Bd2 d4 15. Nd5 Qd8 16. Bf4 d6 17. Qa4+ Nd7 18. Qc6 Ra7 19. O-O Bxc4 20. Nec3 dxc3 21. Rfe1+ Be7 22. Rxe7+ Kf8 23. Rxd7 Rxd7 24. Qxd7 Qxd7 25. Rb8+ Qe8 26. Bxd6+ 1-0


[Site "https://www.chess.com"]

[Event "Titled Tuesday Blitz June 13 Late 2023"]
[White "Wizard_of_Odds"]
[Black "Santos Ruiz, Miguel"]
[BlackFideId "22291482"]
[WhiteElo "2483"]
[BlackElo "2499"]
[Result "0-1"]
[Round "5"]
[TimeControl "180+2"]
[Date "2023.06.13"]
[WhiteClock "0:00:27"]
[BlackClock "0:00:31"]
[Board "42"]

1. Nf3 d5 2. e3 Nf6 3. c4 e6 4. b3 b6 5. Bb2 Bb7 6. d4 dxc4 7. Bxc4 Bb4+ 8. Nbd2 Nbd7 9. O-O O-O 10. Be2 Be7 11. Qc2 Rc8 12. Rac1 c5 13. Qb1 Rc7 14. Rfd1 Qa8 15. dxc5 Rxc5 16. Nc4 Rd5 17. Qa1 Rc8 18. Nce5 Rxd1+ 19. Rxd1 Nxe5 20. Bxe5 h6 21. h3 Bd5 22. Qd4 Rc2 23. Rd2 Qc8 24. Kh2 Rxd2 25. Qxd2 Ne4 26. Qb2 f6 27. Bg3 Qc3 28. Qb1 Nxg3 29. Kxg3 Bd6+ 30. Kh4 f5 31. Nd4 Qc7 32. Nxf5 Qd8+ 33. Kg4 Qg5# 0-1


[Site "https://www.chess.com"]

[Event "Titled Tuesday Blitz June 13 Late 2023"]
[White "Kuznetsov, Felix"]
[Black "Dudzinski, Pawel"]
[WhiteFideId "34147990"]
[BlackFideId "1117890"]
[WhiteElo "2281"]
[BlackElo "2099"]
[Result "0-1"]
[Round "5"]
[TimeControl "180+2"]
[Date "2023.06.13"]
[WhiteClock "0:00:00"]
[BlackClock "0:00:21"]
[Board "43"]

1. e4 c6 2. d4 d5 3. exd5 cxd5 4. Bd3 Nc6 5. c3 g6 6. Bf4 Bf5 7. Bxf5 gxf5 8. Nf3 e6 9. O-O Bd6 10. Bxd6 Qxd6 11. Re1 Nge7 12. Ne5 Nxe5 13. Rxe5 O-O 14. Qh5 Ng6 15. Re3 Qf4 16. Nd2 Qh4 17. Qd1 Kh8 18. Rh3 Qf6 19. Nf3 Rg8 20. Qd2 Ne7 21. Ne5 Nc6 22. Re1 Nxe5 23. Rxe5 Qg5 24. f4 Qf6 25. Ree3 Rg4 26. Qf2 Rag8 27. Reg3 Qe7 28. Rh5 Qd6 29. Rxg4 Rxg4 30. g3 Qa6 31. a3 Qd3 32. Qe1 Qe4 33. Qxe4 dxe4 34. Kf2 Rg8 35. Ke3 b5 36. d5 Kg7 37. dxe6 fxe6 38. Rg5+ Kf7 39. Rh5 Kg6 40. Rg5+ Kf7 41. Rh5 Rg7 42. Rh6 Ke7 43. Kd4 Kd6 44. b3 Rd7 45. c4 Kc6+ 0-1


[Site "https://www.chess.com"]